 Dungeon Crawl Stone Soup version 0.22.1-1-ga44c0e5 (webtiles) character file.

1995 thomasnlv21 the Cleaver (level 9, -1/118 HPs)
             Began as a Minotaur Berserker on Nov 2, 2018.
             Was an Elder of Trog.
             Slain by a two-headed ogre
             ... wielding a +0 great mace
              (10 damage)
             ... on level 8 of the Dungeon.
             The game lasted 00:29:25 (5735 turns).

thomasnlv21 the Cleaver (Minotaur Berserker)        Turns: 5735, Time: 00:29:26

Health: -1/118     AC: 10    Str: 30    XL:     9   Next: 1%
Magic:  8/8        EV: 10    Int:  4    God:    Trog [****..]
Gold:   389        SH:  3    Dex: 10    Spells: 8/8 levels left

rFire    + . .     SeeInvis .   q - +1 broad axe (vamp)
rCold    . . .     Gourm    .   i - +0 buckler {rF+}
rNeg     . . .     Faith    .   s - +0 chain mail
rPois    .         Spirit   .   (helmet restricted)
rElec    .         Reflect  .   (no cloak)
rCorr    .         Harm     .   (no gloves)
MR       .....     Rnd*Tele +   (no boots)
Stlth    ..........             (no amulet)
HPRegen  0.29/turn              b - -3 ring of slaying (curse)
MPRegen  0.11/turn              r - ring of teleportation (curse)

@: berserking, very quick
A: retaliatory headbutt, horns 2
a: Berserk, Trog's Hand, Brothers in Arms, Renounce Religion


You were on level 8 of the Dungeon.
You worshipped Trog.
Trog was greatly pleased with you.
You were very hungry.

You visited 2 branches of the dungeon, and saw 8 of its levels.

You collected 389 gold pieces.

Inventory:

Hand Weapons
 a - a +0 hand axe
 m - a +0 war axe
 q - a +1 vampiric broad axe (weapon)
Armour
 i - a +0 buckler of fire resistance (worn)
 s - a +0 chain mail (worn)
Jewellery
 b - a cursed -3 ring of slaying (left hand)
 e - a +3 ring of protection
 f - an uncursed ring of stealth
 r - a cursed ring of teleportation (right hand)
 t - an uncursed ring of resist corrosion
Scrolls
 j - a scroll of identify
 k - 3 scrolls of teleportation
 l - 2 scrolls of blinking
 p - 2 scrolls of magic mapping
Potions
 d - a potion of resistance
 g - 2 potions of might
 h - 2 potions of heal wounds
 n - a potion of brilliance
 o - a potion of flight
Comestibles
 c - 7 rations
 u - 3 chunks of flesh


   Skills:
 * Level 7.5 Fighting
 * Level 9.5 Axes
 + Level 6.9 Armour
 + Level 4.4 Dodging
 + Level 2.3 Stealth
 - Level 1.8 Shields


You had 8 spell levels left.
You didn't know any spells.
Your spell library was empty.

Dungeon Overview and Level Annotations

Branches:
Dungeon (6/15)             Temple (1/1) D:4

Altars:
Ashenzari
Cheibriados
Dithmenos
Elyvilon
Fedhas
Gozag
Hepliaklqana
Kikubaaqudgha
Nemelex Xobeh
Okawaru
Qazlal
Sif Muna
Trog
Uskayaw
Vehumet
Wu Jian
Xom
Yredelemnul
Zin
The Shining One

Shops:
D:5 }


Innate Abilities, Weirdness & Mutations

You reflexively headbutt those who attack you in melee.
You have a pair of horns on your head.


Message History

You are feeling very hungry.
The adder bites you but does no damage. The bullfrog hits you.
The two-headed ogre hits you with a great mace!
* * * LOW HITPOINT WARNING * * *
The two-headed ogre hits you with a giant spiked club!
* * * LOW HITPOINT WARNING * * *
The adder misses you.
You slash the two-headed ogre!
You feel better.
The two-headed ogre is heavily wounded.
You closely miss the adder. You slash the bullfrog!
You block the bullfrog's attack.
You hit the two-headed ogre.
You feel better.
The two-headed ogre is heavily wounded.
You barely miss the bullfrog. You barely miss the adder.
The adder barely misses you. The bullfrog hits you.
* * * LOW HITPOINT WARNING * * *
The two-headed ogre hits you with a great mace!!
* * * LOW HITPOINT WARNING * * *
The two-headed ogre hits you with a giant spiked club!
You die...

[.....#.# .......#
.......## .......# ......
.. ##...## ... ##SOF..###
....##..@.....##
#.....###.#..#####.
##....###.........#
##....##..........
#.##..#.........# ....
##............ ...
...#########.#..### #.#
#..........#.##..#####.#
............#...........#


You could see a two-headed ogre, a bullfrog and an adder.

Vanquished Creatures
  Pikel (D:8)
  3 slaves (D:8)
  2 ice beasts
  A black bear (D:6)
  A phantom (D:5)
  2 ogres
  A scorpion (D:8)
  6 killer bees (D:8)
  A howler monkey (D:5)
  2 orc priests (D:4)
  Crazy Yiuf (D:2)
  2 iguanas (D:8)
  5 worker ants
  7 orc wizards
  10 adders
  3 gnolls (D:5)
  A howler monkey skeleton (D:3)
  A shadow imp (D:6)
  5 oozes
  An adder zombie (D:5)
  An adder skeleton (D:4)
  4 worms
  2 dart slugs (D:1)
  A leopard gecko (D:2)
  14 orcs
  2 giant cockroaches (D:3)
  6 goblins
  6 hobgoblins
  10 jackals
  11 kobolds
  4 quokkas
  3 ball pythons
  9 bats
  4 frilled lizards
  A quokka skeleton (D:4)
  A quokka zombie (D:5)
  10 rats
145 creatures vanquished.

Vanquished Creatures (others)
  A slave (D:8)
1 creature vanquished.

Grand Total: 146 creatures vanquished

Notes
Turn   | Place    | Note
-------+----------+-------------------------------------------
     0 | D:1      | thomasnlv21 the Minotaur Berserker began the quest for the
                  | Orb.
     0 | D:1      | Reached XP level 1. HP: 19/19 MP: 0/0
    56 | D:1      | Reached skill level 4 in Axes
   108 | D:1      | Reached XP level 2. HP: 26/27 MP: 1/1
   536 | D:1      | Reached ** piety under Trog
   593 | D:1      | Reached XP level 3. HP: 33/33 MP: 2/2
  1458 | D:2      | Found a runed door.
  1514 | D:2      | Reached XP level 4. HP: 39/41 MP: 3/3
  1764 | D:2      | Found a sparkling altar of Nemelex Xobeh.
  1870 | D:2      | Noticed Crazy Yiuf
  1877 | D:2      | Killed Crazy Yiuf
  1877 | D:2      | Reached skill level 5 in Axes
  2008 | D:3      | Reached XP level 5. HP: 47/47 MP: 4/4
  2121 | D:3      | Found a stormy altar of Qazlal.
  2185 | D:3      | Reached skill level 1 in Shields
  2288 | D:3      | Reached skill level 6 in Axes
  2402 | D:3      | Found a hide-covered altar of Uskayaw.
  2424 | D:3      | Reached *** piety under Trog
  2775 | D:3      | Reached XP level 6. HP: 51/55 MP: 5/5
  3189 | D:4      | Found a staircase to the Ecumenical Temple.
  3199 | D:4      | Reached skill level 5 in Fighting
  3202 | D:4      | HP: 2/56 [orc/flail (5)]
  3473 | Temple   | Entered the Ecumenical Temple
  4134 | D:5      | Entered Level 5 of the Dungeon
  4138 | D:5      | Reached skill level 7 in Axes
  4138 | D:5      | Reached XP level 7. HP: 61/61 MP: 6/6
  4206 | D:5      | Reached skill level 5 in Armour
  4747 | D:5      | Found Xontuefi's Gadget Emporium.
  5011 | D:6      | Reached skill level 8 in Axes
  5062 | D:6      | Found a blossoming altar of Fedhas.
  5092 | D:6      | Reached **** piety under Trog
  5106 | D:6      | Reached XP level 8. HP: 63/70 MP: 7/7
  5256 | D:6      | Found an ancient bone altar of Kikubaaqudgha.
  5262 | D:6      | Reached skill level 1 in Stealth
  5320 | D:6      | You fall through a shaft for 2 floors!
  5320 | D:8      | Noticed Pikel
  5329 | D:8      | Killed Pikel
  5329 | D:8      | Reached skill level 9 in Axes
  5689 | D:8      | Reached XP level 9. HP: 70/79 MP: 8/8
  5724 | D:8      | Noticed a two-headed ogre
  5735 | D:8      | Slain by a two-headed ogre

Skill      XL: |  1  2  3  4  5  6  7  8 |
---------------+-------------------------+-----
Axes           | 4 5 6 7 8 9 |  9.5
Fighting       | 4 5 7 |  7.5
Armour         | 3 4 6 |  6.9
Shields        | 1 |  1.8
Dodging        | 3 4 |  4.4
Stealth        | 2 |  2.3

Action                   |  1- 3 |  4- 6 |  7- 9 || total
-------------------------+-------+-------+-------++-------
Melee: Hand axe          |    86 |    43 |       ||   129
       Headbutt          |    17 |    16 |    15 ||    48
       War axe           |       |    75 |    23 ||    98
       Broad axe         |       |       |   131 ||   131
Invok: Berserk           |       |     3 |     5 ||     8
  Use: Potion            |     6 |     3 |     4 ||    13
       Scroll            |     4 |     4 |     2 ||    10
 Stab: Sleeping          |     1 |     1 |       ||     2
  Eat: Chunk             |     2 |     8 |     6 ||    16
       Ration            |       |     1 |     2 ||     3
Armor: Leather armour    |    13 |       |       ||    13
       Animal skin       |     2 |       |       ||     2
       Ring mail         |    27 |    13 |       ||    40
       Scale mail        |       |    44 |     9 ||    53
       Skin              |       |     6 |       ||     6
       Chain mail        |       |       |   112 ||   112
Dodge: Dodged            |    50 |    67 |    80 ||   197
Block: Buckler           |     2 |    17 |    29 ||    48
